Map: Data-C

Players

Grrouler - Winner!

  • Race: Terran Terran
  • Spawn Location: 3:00

Ainhoa

  • Race: Zerg Zerg
  • Spawn Location: 9:00

VOD

Have the link to the VOD?

Description

Time

  • Played on: Aug. 1, 2022, 12:19 p.m.
  • Length: 9:31
Show
View Real Time Build Order
Export as new Build Order

Grrouler Terran - Winner!

Build Orders:  

Get SALT Encoding   

  12  0:00  SCV  
  13  0:12  SCV  
  14  0:20  Supply Depot  
  14  0:25  SCV  
  15  0:41  SCV  
  16  0:47  Barracks  
  16  0:52  Refinery  
  16  0:53  SCV  
  17  1:05  SCV  
  18  1:17  SCV  
  19  1:30  SCV  
  20  1:38  Command Center  
  20  1:43  SCV  
  21  1:47  Barracks Reactor  
  21  1:55  SCV  
  22  2:14  Orbital Command  
  22  2:33  Supply Depot  
  22  2:44  Barracks, Refinery  
  22  2:46  Barracks  
  22  2:53  Supply Depot  
  22  2:54  SCV  
  23  3:06  SCV, Supply Depot  
  24  3:16  Marine  
  24  3:18  SCV  
  24  3:19  Marine  
  27  3:28  Supply Depot  
  27  3:30  SCV  
  28  3:50  Supply Depot  
  28  4:01  SCV  
  29  4:03  Marine x2  
  29  4:07  Barracks Tech Lab  
  31  4:13  SCV  
  32  4:20  Marine  
  32  4:21  Marine  
  34  4:25  SCV x2  
  34  4:30  Barracks Tech Lab  
  36  4:37  SCV x2  
  38  4:38  Marine x2  
  38  4:42  Marauder  
  42  4:49  SCV  
  43  4:56  Marine  
  43  4:57  SCV  
  45  5:01  SCV  
  45  5:03  Marauder  
  45  5:06  Marauder  
  50  5:07  Marine  
  50  5:09  SCV  
  50  5:14  SCV, Marine  
  54  5:23  Factory  
  54  5:24  Marauder  
  54  5:26  Marine  
  54  5:27  Marauder  
  54  5:28  SCV x2  
  61  5:32  Marine  
  61  5:33  Refinery  
  62  5:37  Refinery  
  62  5:40  SCV x2  
  64  5:43  Bunker  
  64  5:46  Marauder  
  66  5:57  SCV  
  66  5:58  SCV  
  66  5:59  Marauder  
  66  6:00  Marine x2  
  72  6:07  Marauder  
  72  6:08  Factory Reactor  
  72  6:10  SCV x2  
  76  6:14  Starport  
  76  6:18  Marine x2  
  78  6:24  Supply Depot  
  78  6:32  Supply Depot  
  78  6:34  Supply Depot  
  78  6:46  SCV x2, Marauder  
  82  6:48  Supply Depot  
  82  6:56  Supply Depot  
  82  6:58  SCV x2, Supply Depot  
  84  7:07  Marauder  
  84  7:08  Marauder, Marine x2  
  88  7:10  SCV x2  
  88  7:11  Stimpack  
  88  7:12  Combat Shield  
  92  7:17  Supply Depot  
  92  7:20  Supply Depot  
  92  7:26  Factory Tech Lab, Marine  
  92  7:27  Medivac x2  
  92  7:28  Marauder  
  99  7:36  SCV  
  99  7:37  SCV  
  101  7:40  Marauder  
  101  7:41  Marine  
  101  7:44  Marine  
  104  7:46  Supply Depot  
  104  7:47  Supply Depot  
  104  7:49  Supply Depot  
  104  7:50  Marauder  
  107  7:57  Medivac x2  
  111  7:59  Marine  
  111  8:01  Marine  
  111  8:02  Marauder, Siege Tank  
  118  8:11  Marauder  
  120  8:23  SCV x2  
  120  8:25  Marauder  
  120  8:26  Marine x2  
  126  8:27  Medivac x2  
  126  8:33  Marauder  
  132  8:34  Siege Tank  
  132  8:35  SCV x2, Concussive Shells  
  137  8:44  Marine x2  
  137  8:46  Marauder  
  141  8:54  Marauder  
  143  8:57  Medivac  
  143  9:08  Marauder  
Show
View Real Time Build Order
Export as new Build Order

Ainhoa Zerg 

Build Orders: Pool First 

Get SALT Encoding   

  12  0:04  Drone  
  13  0:09  Drone  
  14  0:17  Overlord  
  14  0:37  Extractor, Drone  
  14  0:46  Drone  
  15  0:56  Drone  
  17  0:57  Drone, Spawning Pool  
  16  1:06  Drone  
  17  1:20  Evolution Chamber  
  17  1:23  Drone  
  17  1:25  Drone  
  18  1:38  Drone  
  19  1:56  Hatchery  
  19  1:59  Zergling x2  
  19  2:11  Zergling x2  
  19  2:12  Zergling x2  
  21  2:15  Pneumatized Carapace  
  21  2:18  Zergling x2  
  22  2:52  Spine Crawler  
  21  3:08  Overlord  
  21  3:09  Overlord  
  21  3:10  Zergling x2  
  22  3:23  Drone x2  
  24  3:36  Zergling x4  
  24  3:40  Drone  
  25  3:48  Drone  
  25  3:51  Drone x2  
  27  4:02  Spine Crawler  
  26  4:03  Drone  
  27  4:14  Drone  
  27  4:15  Drone x2  
  30  4:24  Zerg Melee Weapons Level 1  
  30  4:26  Metabolic Boost  
  30  4:29  Drone  
  31  4:38  Drone  
  32  4:48  Spine Crawler  
  32  4:51  Drone  
  32  4:54  Spine Crawler  
  32  4:57  Drone x2  
  33  5:04  Spine Crawler  
  33  5:05  Spine Crawler  
  31  5:07  Drone  
  31  5:13  Zergling x4  
  34  5:24  Roach Warren, Drone  
  34  5:30  Queen  
  34  5:35  Drone  
  37  5:43  Lair  
  37  5:52  Overlord  
  37  5:56  Drone  
  38  6:06  Drone  
  38  6:08  Spore Crawler  
  38  6:18  Zerg Missile Weapons Level 1  
  38  6:19  Drone  
  38  6:24  Lair  
  39  6:29  Drone x2  
  39  6:30  Drone  
  42  6:34  Roach  
  44  6:41  Roach  
  48  6:47  Roach  
  48  6:48  Queen  
  50  7:03  Roach  
  52  7:15  Baneling Nest  
  51  7:28  Drone  
  52  7:30  Overlord x2  
  52  7:32  Hatchery  
  51  7:58  Overseer  
  51  8:05  Drone x3  
  54  8:34  Drone x2  
  56  8:46  Drone  
  56  8:48  Spore Crawler  
  56  8:59  Zergling x2  
  56  9:02  Zergling x2  
Tags
 
Matchup
TvZ
Opening
Pool First
Spawn Locations
Cross Positions
Add a new tag
Caveats
  • Supply blocks, unpowered buildings, or Contaminate may cause inaccurate times.
  • Supply counts are checked every 10 seconds.